 Dungeon Crawl Stone Soup version 0.29.0-4-gdea44cf6ec (webtiles) character file.

Game seed: 7728522434762091019

26 qw the Ruffian (level 3, -1/28 HPs)
             Began as a Ghoul Fire Elementalist on Aug 29, 2022.
             Slain by a kobold
             ... wielding a +0 club
              (4 damage)
             ... on level 1 of the Dungeon.
             The game lasted 00:00:43 (1170 turns).

qw the Ruffian (Ghoul Fire Elementalist)            Turns: 1170, Time: 00:00:43

Health: -1/28      AC:  2    Str: 13    XL:     3   Next: 8%
Magic:  4/4        EV: 12    Int: 10    God:
Gold:   10         SH:  0    Dex:  9    Spells: 4/5 levels left

rFire   . . .      SeeInvis .     - Unarmed
rCold   + . .      Faith    .   (no shield)
rNeg    + + +      Spirit   .   a - +0 robe
rPois   inf        Reflect  .   (no helmet)
rElec   .          Harm     .   (no cloak)
rCorr   .          Rampage  .   (no gloves)
Will    .....                   (no boots)
Stlth   ++........              (no amulet)
HPRegen 0.00/turn               (no ring)
MPRegen 0.09/turn               (no ring)

@: inhibited regen
A: claws 1, cold resistance 1, negative energy resistance 3, inhibited
regeneration, torment resistance 2, devour on kill
a: no special abilities


You were on level 1 of the Dungeon.
You visited 1 branch of the dungeon, and saw 1 of its levels.

You collected 10 gold pieces.


Innate Abilities, Weirdness & Mutations

You are immune to poison.
You have sharp fingernails.
Your flesh is cold resistant. (rC+)
You are immune to negative energy. (rN+++)
You do not regenerate when monsters are visible.
You are immune to unholy pain and torment.
You thrive by killing the living.


   Skills:
 - Level 1.0 Fighting
 - Level 1.7 Dodging
 - Level 2.1 Stealth
 + Level 2.5 Unarmed Combat
 - Level 1.7 Spellcasting
 - Level 0.7 Conjurations
 - Level 2.4 Fire Magic


You had 4 spell levels left.
You knew the following spells:

 Your Spells              Type           Power      Damage    Failure   Level
a - Foxfire               Conj/Fire      16%        2x1d4     17%         1

Your spell library contained the following spells:

 Spells                   Type           Power      Damage    Failure   Level
 Scorch                   Fire           10%        2d5       19%         2
 Conjure Flame            Conj/Fire      4%         6-21      45%         3
 Inner Flame              Hex/Fire       3%         N/A       52%         3
 Flame Wave               Conj/Fire      4%         2d5       86%         4

Inventory:

Armour
 a - a +0 robe (worn)
 c - a +0 pair of boots
 e - an orb of mayhem
Scrolls
 d - 2 scrolls of identify {unknown}
Potions
 b - a potion of magic

Dungeon Overview and Level Annotations

Branches:
Dungeon (1/15)

Altars:


Message History

Press: ? - help, Q - select action Shift-Dir - straight line, f/p - kobold You throw a javelin.
The javelin barely misses the kobold.
You hear an angry hiss.
The kobold throws a stone.
The stone hits you but does no damage.
A ball python comes into view.
The kobold throws a stone.
The stone closely misses you.
The kobold throws a stone.
The stone hits you.
You scratch the kobold.
The kobold is moderately wounded.
The kobold hits you with a +0 club.
You closely miss the kobold.
The kobold is moderately wounded.
The ball python barely misses you. The ball python grabs you.
The ball python constricts you. The kobold hits you but does no damage.
You barely miss the ball python. The ball python bites you.
The ball python constricts you. The kobold hits you with a +0 club.
You closely miss the ball python.
The ball python bites you but does no damage.
The ball python constricts you. The kobold hits you but does no damage.
You barely miss the ball python. The ball python bites you.
The ball python constricts you. The kobold hits you with a +0 club.
You claw the ball python!
You kill the ball python!
The kobold hits you with a +0 club.
You closely miss the kobold. The kobold hits you with a +0 club.
You closely miss the kobold. The kobold hits you with a +0 club.
You scratch the kobold but do no damage.
You barely miss the kobold. The kobold barely misses you.
You closely miss the kobold. The kobold hits you with a +0 club.
You completely miss the kobold. The kobold hits you with a +0 club.
You barely miss the kobold. The kobold hits you with a +0 club.
You die...

###### ...... ##
#### ...... .
....## #......
#....# .....
#.....##...
#.......##.#((
#...@K.....( ##
#.#..##..#.# #. #.
#........# ###. #.
#####...###.# ....
#.#######......##
....
#.....#...##.#.#
....
#.......###..#...
....
#.....###...##.##.w
.... #.....#...##
#.# #. .. ....


You could see a kobold.

Vanquished Creatures
  2 dart slugs (D:1)
  2 endoplasms (D:1)
  A giant cockroach (D:1)
  A goblin (D:1)
  A hobgoblin (D:1)
  2 kobolds (D:1)
  2 quokkas (D:1)
  6 ball pythons (D:1)
  A bat (D:1)
  2 rats (D:1)
20 creatures vanquished.

Notes
Turn   | Place    | Note
-------+----------+-------------------------------------------
     0 | D:1      | qw the Ghoul Fire Elementalist began the quest for the Orb.
     0 | D:1      | Reached XP level 1. HP: 14/14 MP: 2/2
     0 | D:1      | 0 ||| qw: Version: 0.1-a-90-g952f4b7
     0 | D:1      | 0 ||| qw: Game counter: 3906
     0 | D:1      | 0 ||| qw: Always use a shield: true
     0 | D:1      | 0 ||| qw: God list: Okawaru
     0 | D:1      | 0 ||| qw: Allow faded altars: false
     0 | D:1      | 0 ||| qw: Do Orc after D:15 true
     0 | D:1      | 0 ||| qw: Do second Lair branch before Depths: true
     0 | D:1      | 0 ||| qw: Lair rune preference: random
     0 | D:1      | 0 ||| qw: Plans: Normal
     0 | D:1      | 0 ||| PLANNING D:1-11
   195 | D:1      | Reached skill level 1 in Unarmed Combat
   215 | D:1      | 215 ||| Stepping ~*~*~tactically~*~*~ (hiding).
   324 | D:1      | Reached skill level 1 in Fighting
   324 | D:1      | Reached XP level 2. HP: 13/23 MP: 3/3
   545 | D:1      | Found a faded altar of an unknown god.
   672 | D:1      | 672 ||| Stepping ~*~*~tactically~*~*~ (hiding).
   774 | D:1      | 774 ||| Stepping ~*~*~tactically~*~*~ (hiding).
   876 | D:1      | 876 ||| Stepping ~*~*~tactically~*~*~ (hiding).
  1037 | D:1      | Reached XP level 3. HP: 28/28 MP: 4/4
  1044 | D:1      | 1044 ||| Stepping ~*~*~tactically~*~*~ (hiding).
  1168 | D:1      | HP: 6/28 [kobold/+0 club (2)]
  1170 | D:1      | Slain by a kobold

Levels and vault maps discovered:
D:1:      noname_arrival_rooms_in_the_neighbourhood, layout_rooms,
          ebering_ecumenical_altar_petrified

Skill      XL: |  1  2 |
---------------+-------+-----
Unarmed Combat | 1 2 |  2.5
Fighting       | 1 |  1.0
Dodging        | |  1.7
Stealth        | |  2.1
Spellcasting   | |  1.7
Conjurations   | |  0.7
Fire Magic     | |  2.4

Action                   || total
-------------------------++-------
Melee: Unarmed           ||    62
Throw: Javelin           ||    11
Armor: Robe              ||    17
Dodge: Dodged            ||    36

Table legend:
 A = Non-vault XP
 B = Vault XP
 C = Vault XP percentage of total XP
 D = Non-vault monster count
 E = Vault monster count
 F = Vault count percentage of total count
                 A         B        C        D         E       F
            +---------+---------+-------+---------+---------+-------
      Total |      38 |       0 |   0.0 |      20 |       0 |   0.0
            +---------+---------+-------+---------+---------+-------
        D:1 |      38 |       0 |   0.0 |      20 |       0 |   0.0
            +---------+---------+-------+---------+---------+-------
